 Dungeon Crawl Stone Soup version 0.28-a0-1389-gc726bef33b (webtiles) character file.

Game seed: 17126120755082533166

297788 Deminshera the Severer (level 20, -1/206 HPs)
             Began as a Deep Dwarf Fighter on Jan 3, 2022.
             Was the Champion of Makhleb.
             Slain by an orc warlord (36 damage)
             ... on level 2 of the Vaults.
             The game lasted 01:25:56 (44476 turns).

Deminshera the Severer (Deep Dwarf Fighter)        Turns: 44476, Time: 01:25:58

Health: -1/206     AC: 37    Str: 33      XL:     20   Next: 11%
Magic:  0/10       EV: 13    Int:  9 (11) God:    Makhleb [******]
Gold:   2045       SH: 21    Dex: 12      Spells: 27/27 levels left

rFire   . . .      SeeInvis +   w - +5 broad axe (venom)
rCold   . . .      Faith    .   Y - +3 kite shield {AC+3}
rNeg    + . .      Spirit   .   D - +5 plate armour of Wesudes {Will+ Str+6}
rPois   +          Reflect  +   y - +2 helmet
rElec   .          Harm     .   H - +2 cloak {Stlth+}
rCorr   .          Rampage  .   e - +2 pair of gloves {infuse}
Will    ++++.                   J - +1 pair of boots
Stlth   ..........              M - amulet of reflection
HPRegen 0.00/turn               t - ring of poison resistance
MPRegen 0.12/turn               Q - ring of see invisible

@: no status effects
A: damage resistance, heal wounds, negative energy resistance 1, sense
surroundings 3, no regeneration
}: 2/15 runes: serpentine, gossamer
a: Heal Wounds, Renounce Religion, Minor Destruction, Lesser Servant of Makhleb,
Major Destruction, Greater Servant of Makhleb


You were on level 2 of the Vaults.
You worshipped Makhleb.
Makhleb was exalted by your worship.
You visited 8 branches of the dungeon, and saw 35 of its levels.
You visited 1 bazaar.

You collected 3801 gold pieces.
You spent 1756 gold pieces at shops.

Inventory:

Hand Weapons
 s - the +9 fustibalus of Qamighi {vorpal, rF+ rC+ rCorr}
   (You took it off a naga on level 3 of the Snake Pit)

   Any ammunition fired from it inflicts extra damage upon your enemies.
   rF:        It protects you from fire.
   rC:        It protects you from cold.
   rCorr:     It protects you from acid and corrosion.
 w - a +5 broad axe of venom (weapon)
 A - a +0 halberd
Missiles
 r - 122 sling bullets
 E - 4 throwing nets
Armour
 e - a +2 pair of gloves of infusion (worn)
 y - a +2 helmet (worn)
 D - the +5 plate armour of Wesudes (worn) {Will+ Str+6}
   (You bought it in a shop in a bazaar)

   Str:       It affects your strength (+6).
   Will:      It increases your willpower.
 H - a +2 cloak of stealth (worn)
 J - a +1 pair of boots (worn)
 Y - a +3 kite shield of protection (worn)
Jewellery
 c - an amulet of faith
 t - a ring of poison resistance (left hand)
 M - an amulet of reflection (around neck)
 N - a +4 ring of evasion
 Q - a ring of see invisible (right hand)
 U - a ring of protection from cold
 Z - a ring of willpower
Wands
 b - a wand of digging (5)
 g - a wand of acid (21)
 I - a wand of iceblast (36)
 L - a wand of charming (10)
 P - a wand of paralysis (10)
 X - a wand of flame (16)
Scrolls
 h - 2 scrolls of silence
 l - 22 scrolls of identify
 m - a scroll of fog
 o - a scroll of enchant weapon
 q - 7 scrolls of teleportation
 u - 2 scrolls of fear
 C - 6 scrolls of immolation
 R - 2 scrolls of amnesia
 W - 5 scrolls of magic mapping
Potions
 d - a potion of might
 f - 6 potions of attraction
 i - 12 potions of ambrosia
 j - 6 potions of magic
 k - 3 potions of invisibility
 n - 11 potions of heal wounds
 p - 4 potions of brilliance
 x - 18 potions of curing
 z - 3 potions of haste
 G - 5 potions of mutation
 K - a potion of berserk rage
 S - 3 potions of flight
Miscellaneous
 a - a lightning rod (4/4)


   Skills:
 + Level 18.7 Fighting
 + Level 19.6 Axes
 - Level 10.0 Slings
 - Level 6.9 Crossbows
 + Level 13.1 Armour
 + Level 13.0 Dodging
 - Level 15.0 Shields
 + Level 4.2 Spellcasting
 + Level 12.0 Invocations
 - Level 8.0 Evocations


You had 27 spell levels left.
You didn't know any spells.
Your spell library contained the following spells:

 Spells                   Type           Power      Damage    Failure   Level
 Pain                     Necr           4%         1d4       80%         1
 Summon Small Mammal      Summ           4%         N/A       80%         1
 Corpse Rot               Necr/Air       2%         N/A       91%         2
 Scorch                   Fire           2%         2d5       91%         2
 Sublimation of Blood     Necr           1%         N/A       91%         2
 Wereblood                Tmut           1%         N/A       91%         2
 Call Canine Familiar     Summ           1%         N/A       99%         3
 Gell's Gravitas          Tloc           1%         N/A       99%         3
 Ignite Poison            Fire/Tmut/Pois 1%         N/A       99%         3
 Lesser Beckoning         Tloc           1%         N/A       99%         3
 Mephitic Cloud           Conj/Pois/Air  1%         N/A       99%         3
 Summon Guardian Golem    Hex/Summ       1%         N/A       99%         3
 Teleport Other           Tloc           1%         N/A       99%         3
 Animate Dead             Necr           0%         N/A       100%        4
 Cause Fear               Hex            0%         N/A       100%        4
 Dispel Undead            Necr           1%         3d6       100%        4
 Flame Wave               Conj/Fire      1%         2d4       100%        4
 Leda's Liquefaction      Hex/Erth       0%         N/A       100%        4
 Olgreb's Toxic Radiance  Pois           1%         N/A       100%        4
 Agony                    Necr           1%         N/A       100%        5
 Borgnjor's Vile Clutch   Necr/Erth      0%         N/A       100%        5
 Excruciating Wounds      Necr           0%         N/A       100%        5
 Freezing Cloud           Conj/Ice/Air   0%         6-21      100%        5
 Lee's Rapid Deconstruct  Erth           0%         3d5*      100%        5
 Summon Forest            Summ/Tloc      0%         N/A       100%        5
 Summon Mana Viper        Hex/Summ       1%         N/A       100%        5
 Death Channel            Necr           0%         N/A       100%        6
 Statue Form              Tmut/Erth      0%         N/A       100%        6
 Summon Cactus Giant      Summ           0%         N/A       100%        6
 Dragon Form              Tmut           0%         N/A       100%        7
 Ozocubu's Refrigeration  Ice            0%         4d5       100%        7
 Summon Hydra             Summ           0%         N/A       100%        7
 Ignition                 Fire           0%         3d3       100%        8
 Dragon's Call            Summ           0%         N/A       100%        9


Dungeon Overview and Level Annotations

Branches:
Dungeon (15/15)            Temple (1/1) D:6            Lair (6/6) D:9
  Snake (4/4) Lair:4       Spider (4/4) Lair:4        Slime (0/5) Lair:6
    Orc (2/2) D:12            Elf (0/3) Orc:2        Vaults (2/5) D:14
 Depths (1/4) D:15
  Crypt: Vaults:2-3

Altars:
Cheibriados
Dithmenos
Elyvilon
Fedhas
Gozag
Kikubaaqudgha
Makhleb
Nemelex Xobeh
Okawaru
Qazlal
Ru
Trog
Wu Jian
Xom
Yredelemnul
Zin
The Shining One
Beogh

Shops:
D:11 *   D:14 *   Orc:2 !([!   Snake:3 ((*=   Snake:4 (*   Vaults:1 *

Portals:
Hell: Depths:1

Annotations:
Lair:4 2 transporters, lavawurm's ghost, journeyman GrBe
Spider:4 exclusion: upstairs


Innate Abilities, Weirdness & Mutations

You are resistant to damage.
You can heal yourself by infusing magical energy.
You resist negative energy. (rN+)
You passively map a large area around you.
You do not regenerate.


Message History

The deep troll misses you. You block the deep troll's attack.
The ironbound preserver mumbles some strange words.
The ironbound preserver is healed somewhat.
The vault warden hits you from afar with a +0 bardiche.
You block the orc knight's attack.
You open the ironbound preserver like a pillowcase!!!
The ironbound preserver looks as sick as possible!
The ironbound preserver is almost dead.
You slice the deep troll like a ripe choko!!!
The deep troll looks as sick as possible!
You kill the ironbound preserver!
Makhleb accepts your kill.
You feel better.
Electricity crackles from the ironbound thunderhulk's apparatus.
The bolt of lightning hits you!!!
* * * LOW HITPOINT WARNING * * *
You block the deep troll's attack. x3
You slash the orc knight!
The orc knight is poisoned.
The orc knight is lightly wounded.
Your plate armour of Wesudes prevents you from hitting the deep troll.
An entropy weaver comes into view.
The vault warden hits you but does no damage.
You block the orc knight's attack.
Unknown command.
You closely miss the orc knight.
The orc knight is lightly wounded.
You closely miss the deep troll. You barely miss the orc warlord.
The deep troll bites you but does no damage.
The deep troll claws you!
* * * LOW HITPOINT WARNING * * *
The deep troll claws you but does no damage.
You block the vault warden's attack. You block the orc knight's attack.
You slice the orc knight!!
The orc knight looks as sick as possible!
The orc knight is heavily wounded.
You slash the orc warlord! You hit the deep troll.
The deep troll looks as sick as possible!
You block the orc knight's attack.
The orc warlord hits you with a +0 broad axe!!!
You die...

###....#* ,,, , * ,
.......# ,#...+
.......# ,, , #...# *
......)# , #...# , ,
, ** .......####*,
,#...# , *
..........# #...#
..........######...#
* *
.........B.p).p.)..#
....)....C.O.cpT@o.#
########'########o##*
, ..... .o. ,*
*#.#.### , #.... , *
*...#.# * *#..#.# ,*
### ###, , ....., ,
,, ..## * * ,,, ... *
, ,, * * * , *


You could see an orc warlord (strong), a stone giant, 2 vault wardens, an
ironbound thunderhulk, an entropy weaver, 2 orc knights, a deep troll (extremely
poisoned), an ironbound convoker (catching breath) and a yaktaur.

Vanquished Creatures
  Mara (Snake:3)
  Margery (Vaults:2)
  Nikola (Snake:2)
  Jorgrun (Orc:1)
  Mlioglotl (Snake:1)
  Frances (Snake:2)
  2 sphinxes (Vaults:2)
  A tengu reaver (Vaults:2)
  Agnes (Snake:2)
  A deep elf sorcerer (Vaults:2)
  An orc warlord (Orc:2)
  8 nagarajas
  A frost giant (Vaults:2)
  4 emperor scorpions (Spider:4)
  2 vault wardens (Vaults:2)
  Aizul (Snake:3)
  An iron dragon (D:13)
  5 ghost moths
  4 broodmothers
  5 ironbound thunderhulks
  3 very ugly things (Vaults:2)
  6 ironbound preservers
  5 dire elephants
  2 entropy weavers
  4 spark wasps
  An ettin (Vaults:1)
  A fire dragon (Vaults:2)
  A yaktaur captain (Vaults:2)
  6 boulder beetles
  8 vault guards
  An ice dragon (Vaults:2)
  9 hydras
  An ogre mage (D:15)
  A radroach (Spider:4)
  14 centaur warriors
  12 naga warriors
  15 anacondas
  4 salamander tyrants
  8 ironbound frosthearts
  10 death yaks
  13 two-headed ogres
  Urug (Lair:4)
  A deep troll earth mage (Vaults:2)
  3 tengu warriors
  12 shock serpents
  A deep elf knight (D:14)
  23 naga sharpshooters
  5 hell knights (Vaults:2)
  4 pharaoh ants
  9 naga ritualists
  11 orb spiders
  5 salamander mystics
  10 deep trolls
  3 steelbarb worms
  7 wizards
  4 sea snakes
  A flayed ghost (D:11)
  12 mana vipers
  4 lindwurms
  8 ironbound convokers
  A sphinx zombie (Vaults:1)
  6 necromancers
  Pikel (D:9)
  2 deep elf zephyrmancers (D:15)
  4 orc knights
  A deep elf pyromancer (D:15)
  2 orc sorcerers (Orc:2)
  21 wolf spiders
  48 ugly things
  17 salamanders
  A cyclops (Orc:1)
  A manticore (D:15)
  13 elephants
  An oklob plant (Snake:3)
  13 guardian serpents
  3 moths of wrath
  Maurice (D:8)
  50 black mambas
  6 vault sentinels
  12 cane toads
  5 torpor snails
  14 naga magi
  2 gargoyles
  5 rime drakes
  A centaur skeleton (D:15)
  3 kobold demonologists
  23 demonic crawlers
  An efreet (D:14)
  An unseen horror (D:12)
  3 yaktaurs (Vaults:2)
  11 komodo dragons
  2 tengu conjurers (D:13)
  A freezing wraith (D:15)
  15 meliai
  11 trolls
  The ghost of rickarolla the Covered, an amateur HuFi (D:4)
  22 tarantellas
  6 hornets
  10 polar bears
  A wolf spider simulacrum (D:15)
  20 slime creatures
  2 dream sheep (Lair:6)
  7 blink frogs
  6 raiju (Lair:6)
  28 jumping spiders
  A spriggan (Lair:5)
  14 culicivoras
  A centaur simulacrum (D:15)
  A wyvern (Lair:2)
  2 wraiths
  35 yaks
  18 humans (D:14)
  A yak (shapeshifter) (D:13)
  6 basilisks
  4 vampire mosquitoes
  An elf skeleton (Vaults:1)
  38 redbacks
  2 steam dragons
  51 nagas
  8 wargs
  18 water moccasins
  Duvessa (D:5)
  11 hell hounds (Lair:6)
  28 orc warriors
  19 black bears
  11 ogres
  An ice beast (D:7)
  37 wolves
  3 boggarts (D:14)
  2 necrophages
  14 centaurs
  4 lemures (D:9)
  5 kobold brigands
  15 bullfrogs
  2 gnoll sergeants
  5 scorpions
  A wyvern skeleton (D:7)
  2 jellies
  A water moccasin skeleton (D:5)
  Dowan (D:5)
  2 human simulacra (Vaults:1)
  9 killer bees
  5 wights (D:5)
  6 electric eels
  2 howler monkeys
  3 centaur zombies
  2 hounds
  2 bullfrog zombies (D:6)
  21 orc priests
  2 bullfrog skeletons
  An iron imp (Spider:3)
  2 gnoll shamans
  24 orc wizards
  3 iguanas
  A scorpion zombie (D:5)
  10 hell rats
  A killer bee zombie (D:7)
  A hound skeleton (D:5)
  3 howler monkey zombies
  19 gnolls
  9 adders
  An ufetubus (D:5)
  2 dart slugs
  106 orcs
  16 ball pythons
  5 bats
  6 endoplasms
  2 giant cockroaches
  6 hobgoblins
  13 jackals
  12 kobolds
  5 quokkas
  5 frilled lizards
  3 goblins
  5 rats
1376 creatures vanquished.

Vanquished Creatures (others)
  A mana viper (Snake:3)
  A troll (D:11)
  A tarantella (Spider:4)
  A redback (Spider:4)
  An orc warrior (Orc:1)
  An orc (Orc:2)
  59 fungi
  109 plants
  9 starspawn tentacles (Snake:1)
183 creatures vanquished.

Grand Total: 1559 creatures vanquished

Notes
Turn   | Place    | Note
-------+----------+-------------------------------------------
     0 | D:1      | Deminshera the Deep Dwarf Fighter began the quest for the
                  | Orb.
     0 | D:1      | Reached XP level 1. HP: 20/20 MP: 1/1
   114 | D:1      | Reached XP level 2. HP: 27/27 MP: 2/2
   117 | D:1      | Found a faded altar of an unknown god.
   318 | D:1      | Reached skill level 3 in Axes
   383 | D:1      | Reached XP level 3. HP: 23/33 MP: 3/3
   514 | D:2      | Found a shadowy altar of Dithmenos.
   832 | D:3      | Reached XP level 4. HP: 39/42 MP: 4/4
   834 | D:3      | Found a sparkling altar of Nemelex Xobeh.
   869 | D:3      | Found a stormy altar of Qazlal.
  1149 | D:3      | Reached skill level 4 in Axes
  1149 | D:3      | Reached XP level 5. HP: 42/49 MP: 5/5
  1632 | D:4      | Found a shimmering altar of Xom.
  1633 | D:4      | Noticed an angel
  1643 | D:4      | Found a glowing silver altar of Zin.
  1864 | D:4      | Found a runed translucent gate.
  1864 | D:4      | Found a runed translucent gate.
  1864 | D:4      | Noticed rickarolla's ghost (amateur HuFi)
  1864 | D:4      | Identified the +8 chain mail of Entitlement {Int+4}
  1864 | D:4      | Noticed an orc warrior
  1864 | D:4      | Identified the +6 mace of Leth {venom, *Corrode rN+ Dex+6}
  1865 | D:4      | Found a runed translucent gate.
  1980 | D:4      | Reached XP level 6. HP: 52/57 MP: 6/6
  1984 | D:4      | Reached skill level 5 in Axes
  2006 | D:4      | Killed an orc warrior
  2013 | D:4      | Killed rickarolla's ghost
  2014 | D:4      | Reached skill level 6 in Axes
  2014 | D:4      | Reached skill level 5 in Armour
  2014 | D:4      | Reached XP level 7. HP: 28/66 MP: 7/7
  2101 | D:5      | Entered Level 5 of the Dungeon
  2119 | D:5      | Reached skill level 5 in Fighting
  2146 | D:5      | Found a blossoming altar of Fedhas.
  2173 | D:5      | Found a white marble altar of Elyvilon.
  2185 | D:5      | Found an iron altar of Okawaru.
  2220 | D:5      | Found a bloodstained altar of Trog.
  2275 | D:5      | Reached skill level 1 in Dodging
  2277 | D:5      | Reached XP level 8. HP: 47/76 MP: 7/7
  2370 | D:5      | Noticed Duvessa
  2378 | D:5      | Killed Duvessa
  2379 | D:5      | Noticed Dowan
  2382 | D:5      | Killed Dowan
  2830 | D:6      | Found a staircase to the Ecumenical Temple.
  2834 | D:6      | Reached skill level 7 in Axes
  2853 | Temple   | Entered the Ecumenical Temple
  2894 | Temple   | Became a worshipper of Makhleb the Destroyer
  2980 | D:6      | Reached skill level 8 in Axes
  3041 | D:6      | Gained mutation: You passively map the area around you.
                  | [Deep Dwarf growth]
  3041 | D:6      | Reached XP level 9. HP: 28/85 MP: 8/8
  3043 | D:6      | Reached skill level 9 in Axes
  3619 | D:7      | Reached skill level 10 in Axes
  3645 | D:7      | Identified the +0 ring mail of the Mind {Dex+3}
  3652 | D:7      | Reached * piety under Makhleb
  3777 | D:7      | Noticed a two-headed ogre
  3781 | D:7      | Noticed a kobold demonologist
  3785 | D:7      | Killed a two-headed ogre
  3786 | D:7      | Reached skill level 11 in Axes
  3791 | D:7      | Killed a kobold demonologist
  3792 | D:7      | Reached skill level 12 in Axes
  3836 | D:7      | Reached XP level 10. HP: 74/92 MP: 9/9
  4195 | D:8      | Reached skill level 13 in Axes
  4307 | D:8      | Noticed Maurice
  4398 | D:8      | Killed Maurice
  4874 | D:9      | Found a staircase to the Lair.
  4888 | D:9      | Reached ** piety under Makhleb
  4894 | D:9      | Reached skill level 14 in Axes
  4957 | D:9      | Reached skill level 15 in Axes
  5078 | D:9      | Identified the +1 chain mail "Enigec" {+Blink rN+ Int+4}
  5127 | D:9      | Noticed a two-headed ogre
  5134 | D:9      | Killed a two-headed ogre
  5191 | D:9      | Noticed Pikel
  5191 | D:9      | Noticed a boulder beetle
  5221 | D:9      | Killed Pikel
  5222 | D:9      | Reached XP level 11. HP: 30/103 MP: 10/10
  5225 | D:9      | Killed a boulder beetle
  5303 | D:9      | Reached *** piety under Makhleb
  5728 | D:10     | Entered Level 10 of the Dungeon
  5751 | D:10     | Noticed a green ugly thing
  5764 | D:10     | Killed a green ugly thing
  6054 | D:10     | Found Yscheugie's Antique Armour Boutique.
  6201 | D:10     | Noticed a two-headed ogre
  6207 | D:10     | Killed a two-headed ogre
  6314 | D:11     | Noticed a two-headed ogre
  6316 | D:11     | Reached skill level 10 in Fighting
  6322 | D:11     | Killed a two-headed ogre
  6358 | D:11     | Noticed a boulder beetle
  6377 | D:11     | Killed a boulder beetle
  6401 | D:11     | Noticed a two-headed ogre
  6401 | D:11     | Noticed a two-headed ogre
  6409 | D:11     | Killed a two-headed ogre
  6414 | D:11     | Killed a two-headed ogre
  6426 | D:11     | Noticed a seven-headed hydra
  6441 | D:11     | Killed a seven-headed hydra
  6442 | D:11     | Reached skill level 5 in Invocations
  6801 | D:11     | Found Kurud's Assorted Antiques.
  7208 | D:11     | Noticed a flayed ghost
  7213 | D:11     | Noticed a boulder beetle
  7215 | D:11     | Killed a flayed ghost
  7216 | D:11     | Reached XP level 12. HP: 96/120 MP: 10/12
  7229 | D:11     | Killed a boulder beetle
  7229 | D:11     | Reached **** piety under Makhleb
  7307 | D:11     | Bought a scroll labelled ROROEH FUBBEM for 34 gold pieces
  7307 | D:11     | Bought a scroll labelled IRYELI TILEMOAQ for 34 gold pieces
  7307 | D:11     | Bought a scroll labelled EKLOQ GOW ATU for 34 gold pieces
  7484 | D:12     | Noticed a six-headed hydra
  7492 | D:12     | Killed an eight-headed hydra
  7819 | D:12     | Found a staircase to the Orcish Mines.
  8007 | D:12     | Noticed a two-headed ogre
  8012 | D:12     | Killed a two-headed ogre
  8308 | Lair:1   | Entered Level 1 of the Lair of Beasts
  8622 | Lair:1   | Reached ***** piety under Makhleb
  8731 | Lair:1   | Noticed a five-headed hydra
  8740 | Lair:1   | Killed a five-headed hydra
  9227 | Lair:2   | Reached skill level 1 in Evocations
  9558 | Lair:2   | Noticed a boulder beetle
  9561 | Lair:2   | Noticed an eight-headed hydra
  9614 | Lair:2   | Killed a boulder beetle
 10424 | Lair:3   | Noticed a death yak
 10424 | Lair:3   | Noticed a death yak
 10424 | Lair:3   | Noticed a death yak
 10432 | Lair:3   | Killed a death yak
 10433 | Lair:3   | Reached skill level 5 in Evocations
 10435 | Lair:3   | Killed a death yak
 10441 | Lair:3   | Killed a death yak
 10442 | Lair:3   | Reached XP level 13. HP: 83/134 MP: 0/10
 11476 | Lair:4   | Noticed Urug
 11484 | Lair:4   | Killed Urug
 11792 | Lair:4   | Found a transporter.
 11792 | Lair:4   | Noticed lavawurm's ghost (journeyman GrBe)
 11798 | Lair:4   | Found a staircase to the Snake Pit.
 11931 | Lair:4   | Found a hole to the Spider Nest.
 12041 | Lair:4   | Found a transporter.
 12073 | Lair:4   | Reached skill level 5 in Shields
 13923 | Lair:5   | Reached skill level 10 in Shields
 14351 | Lair:6   | Entered Level 6 of the Lair of Beasts
 14531 | Lair:6   | Gained mutation: You resist negative energy. (rN+) [Deep
                  | Dwarf growth]
 14531 | Lair:6   | Reached XP level 14. HP: 125/144 MP: 5/9
 14828 | Lair:6   | Reached skill level 16 in Axes
 15216 | Lair:6   | Reached ****** piety under Makhleb
 15741 | Lair:6   | Reached skill level 17 in Axes
 16606 | Lair:6   | Found a staircase to the Slime Pits.
 17161 | D:13     | You fall into a shaft and drop 2 floors!
 17161 | D:15     | Entered Level 15 of the Dungeon
 17271 | D:15     | Reached XP level 15. HP: 123/151 MP: 0/10
 17283 | D:15     | Found a flickering gateway to a bazaar.
 17292 | Bazaar   | Entered a bazaar
 17292 | Bazaar   | Found Kyrar's Antique Armour Shop.
 17362 | Bazaar   | Found Yriyv's Assorted Antiques.
 17367 | Bazaar   | Found Jiegyer's Assorted Antiques.
 17397 | Bazaar   | Found Osest's Antique Armour Shoppe.
 17426 | Bazaar   | Bought a fading plate armour for 700 gold pieces
 17426 | Bazaar   | Identified the +5 plate armour of Wesudes {Will+ Str+6}
                  | (You bought it in a shop in a bazaar)
 17450 | Bazaar   | Bought a warped war axe for 170 gold pieces
 17450 | Bazaar   | Identified the +9 war axe of the Jolly Runes {vorpal, rC+}
                  | (You bought it in a shop in a bazaar)
 17735 | D:15     | Reached skill level 18 in Axes
 17933 | D:15     | Found a staircase to the Depths.
 18145 | D:15     | Found an ornate altar of the Wu Jian Council.
 18240 | D:15     | Reached skill level 15 in Shields
 19242 | D:14     | Found a gate to the Vaults.
 19261 | D:14     | Reached skill level 5 in Dodging
 19998 | D:14     | Found Saetul's Assorted Antiques.
 20664 | D:13     | Noticed an iron dragon
 20665 | D:13     | Found the +6 shillelagh "Devastator" {shatter}
 20683 | D:13     | Killed an iron dragon
 21557 | Orc:1    | Entered Level 1 of the Orcish Mines
 21695 | Orc:1    | Noticed Jorgrun
 21700 | Orc:1    | Reached XP level 16. HP: 160/160 MP: 8/11
 21715 | Orc:1    | Killed Jorgrun
 22028 | Orc:2    | Entered Level 2 of the Orcish Mines
 22028 | Orc:2    | Found a staircase to the Elven Halls.
 22785 | Orc:2    | Found Ocvoinez's Distillery.
 23276 | Orc:2    | Reached skill level 15 in Fighting
 23386 | Orc:2    | Found Nupot's Antique Weapon Shop.
 23388 | Orc:2    | Found Axta's Antique Armour Boutique.
 23541 | Orc:2    | Found Yggab's Distillery.
 24029 | Snake:1  | Entered Level 1 of the Snake Pit
 24771 | Snake:1  | Noticed Mlioglotl
 24772 | Snake:1  | Noticed a tentacled starspawn
 24792 | Snake:1  | Noticed a tentacled starspawn
 24816 | Snake:1  | Paralysed by an air elemental for 1 turns
 24821 | Snake:1  | Paralysed by an air elemental for 1 turns
 24824 | Snake:1  | Paralysed by an air elemental for 1 turns
 24828 | Snake:1  | Paralysed by an air elemental for 1 turns
 25110 | Snake:1  | Killed Mlioglotl
 25111 | Snake:1  | Reached skill level 10 in Armour
 26246 | Snake:1  | Reached skill level 10 in Dodging
 27010 | Snake:2  | Noticed Frances
 27021 | Snake:2  | Killed Frances
 27600 | Snake:2  | Identified the +12 arbalest of Linearity {speed, rPois}
 27617 | Snake:2  | Reached XP level 17. HP: 68/175 MP: 0/10
 28016 | Snake:3  | Noticed Mara
 28020 | Snake:3  | Reached skill level 1 in Crossbows
 28033 | Snake:3  | Noticed Deminshera's illusion
 28081 | Snake:3  | Killed Mara
 28215 | Snake:3  | Found an ancient bone altar of Kikubaaqudgha.
 28260 | Snake:3  | Found Vexyles's General Store.
 28262 | Snake:3  | Found Feegi's Jewellery Shop.
 28262 | Snake:3  | Found Hisay's Weapon Boutique.
 28265 | Snake:3  | Found Akirch Jyudd's Antique Weapon Boutique.
 28622 | Snake:3  | Identified the +9 fustibalus of Qamighi {vorpal, rF+ rC+
                  | rCorr}
 28624 | Snake:3  | Noticed Aizul
 28640 | Snake:3  | Reached skill level 5 in Crossbows
 28647 | Snake:3  | Killed Aizul
 29097 | Snake:3  | Found a burning altar of Makhleb.
 29367 | Snake:2  | Noticed Nikola
 29377 | Snake:2  | Killed Nikola
 29637 | Snake:2  | Noticed Agnes
 29656 | Snake:2  | Killed Agnes
 29657 | Snake:2  | Reached skill level 1 in Spellcasting
 30493 | Snake:4  | Entered Level 4 of the Snake Pit
 30824 | Snake:4  | Found Cal Luv's General Store.
 31182 | Snake:4  | Gained mutation: You passively map a large area around you.
                  | [Deep Dwarf growth]
 31182 | Snake:4  | Reached XP level 18. HP: 187/187 MP: 0/7
 31769 | Snake:4  | Found Juelinau's Weapon Shop.
 32084 | Snake:4  | Got a serpentine rune of Zot
 32460 | Orc:2    | Bought 2 potions of heal wounds for 160 gold pieces
 32460 | Orc:2    | Bought a potion of heal wounds for 80 gold pieces
 32460 | Orc:2    | Bought a potion of curing for 48 gold pieces
 32460 | Orc:2    | Bought a potion of heal wounds for 80 gold pieces
 32460 | Orc:2    | Bought a potion of heal wounds for 80 gold pieces
 32528 | Orc:2    | Bought 2 potions of curing for 72 gold pieces
 32528 | Orc:2    | Bought a potion of ambrosia for 96 gold pieces
 32528 | Orc:2    | Bought a potion of curing for 36 gold pieces
 32528 | Orc:2    | Bought 2 potions of curing for 72 gold pieces
 32528 | Orc:2    | Bought a potion of heal wounds for 60 gold pieces
 32749 | Spider:1 | Entered Level 1 of the Spider Nest
 36527 | Spider:3 | Reached skill level 10 in Invocations
 36860 | Spider:4 | Entered Level 4 of the Spider Nest
 37312 | Spider:4 | Reached skill level 19 in Axes
 38336 | Spider:4 | Reached XP level 19. HP: 187/196 MP: 0/9
 38773 | Spider:4 | Got a gossamer rune of Zot
 39264 | Depths:1 | Entered Level 1 of the Depths
 39264 | Depths:1 | Found a gateway to Hell.
 39350 | Vaults:1 | Entered Level 1 of the Vaults
 39968 | Vaults:1 | Found Dafaf's Assorted Antiques.
 42688 | Vaults:1 | Reached skill level 1 in Slings
 43177 | Vaults:2 | Noticed Margery
 43198 | Vaults:2 | Killed Margery
 43199 | Vaults:2 | Reached skill level 5 in Slings
 44061 | Vaults:2 | Reached XP level 20. HP: 63/199 MP: 0/11
 44257 | Vaults:2 | Reached skill level 10 in Slings
 44476 | Vaults:2 | Slain by an orc warlord

Illustrated notes

Levels and vault maps discovered:
D:1:      doesnt_arrival_eight_statues, layout_rooms,
          ebering_ecumenical_altar_mist, st_stairs_13, minivault_26
D:2:      layout_rooms, basic_altar
D:3:      layout_loops_ring, mainiacjoe_overflow_alcove_2,
          nemelex_xobeh_ov_fountains_minmay, minmay_snake_closets
D:4:      layout_basic, grunt_temple_overflow_order_and_chaos_1,
          biasface_ghost_orc_armoury
D:5:      layout_loops_ring, nicolae_overflow_quartered_altars, uniq_duvessa
D:6:      minmay_angry_zag, layout_basic, minmay_temple_entry_water_ring
D:7:      layout_cave_pools
D:8:      layout_rooms, serial_bayou_pond_d, uniq_maurice
D:9:      layout_cave_pods, due_lair_maze_entry_diamond,
          kennysheep_decorative_pillar, uniq_pikel
D:10:     layout_roguey, serial_shops, shop
D:11:     nzn_winding_woodlands_three_and_one
          [nzn_winding_woodlands_5x15_parted, nzn_winding_woodlands_5x15_garden,
          nzn_winding_woodlands_5x15_pool,
          nzn_winding_woodlands_center_diamonds], layout_loops_ring,
          serial_shops, shop
D:12:     layout_irregular_city, erik_orc_4
D:13:     minmay_roctagon, layout_layer_cave
D:14:     layout_basic, grunt_vaults_entry_tiered, serial_park_tiny_1,
          serial_shops, nicolae_shop_overgrown_old_shop
D:15:     grunt_enter_depths_magical_seal, layout_irregular_city, serial_shops,
          bzr_entry_dummy, st_stairs_14, chequers_avenue, abandoned_shop,
          nicolae_wu_jian_glorious_leap
Temple:   jpeg_temple_clearing
Lair:1:   layout_roguey
Lair:2:   layout_chaotic_city, grunt_megastairs_1
Lair:3:   layout_hall_layers, serial_bayou_shore_b, grunt_megastairs_5
Lair:4:   layout_loops_ring, minmay_snake_entry_guardpost_small,
          spider_nest_entry_a, gammafunk_ghost_arena,
          nicolae_lair_grazing_beasts [nicolae_sub_lair_graze_edge,
          nicolae_sub_lair_graze_edge, nicolae_sub_lair_graze_edge,
          nicolae_sub_lair_graze_edge], serial_bayou_shore_b, uniq_urug
Lair:5:   layout_misc_corridors, forest_entry_grove
Lair:6:   hangedman_lair_in_review, layout_regular_city,
          hangedman_lair_caniforms_friends, dpeg_slime_entry_corner,
          infiniplex_staircase_pool, lemuel_fruit_tree
Snake:1:  kennysheep_snake, layout_onion, guppyfry_snake_island, uniq_mlioglotl
Snake:2:  nicolae_snake_shooting_gallery, layout_cave_pods, grunt_megastairs_2,
          uniq_nikola, uniq_agnes, uniq_frances
Snake:3:  layout_misc_corridors, basic_altar, lemuel_oklob_altar,
          minmay_shoptagon, uniq_mara, uniq_aizul
Snake:4:  grunt_snake_rune_pools, layout_gridlike, serial_shops, shop,
          nicolae_shop_statue_plus, nicolae_snake_lava_pool
Spider:1: layout_chambers, worms_lemuel
Spider:2: layout_chambers
Spider:3: layout_spider_delve, drop_trap, nicolae_crawler_farm
Spider:4: grunt_spider_rune_parallel
Orc:1:    layout_diamond_mine, uniq_jorgrun
Orc:2:    grunt_orc_community_town_hall, layout_caves,
          grunt_orc_community_big_house_2, grunt_orc_community_big_house_2,
          grunt_orc_community_house_1, grunt_orc_community_house_2,
          grunt_orc_community_house_1, grunt_orc_community_house_3
Vaults:1: v_misc_23, nicolae_vaults_puzzle_piece, nicolae_vaults_network_star,
          nicolae_vaults_gold_heap, vaults_standard_mumra_x,
          nicolae_vaults_network_square, ontoclasm_vaults_spin,
          nicolae_vaults_diagonal_hallway_6, layout_vaults_quadrants,
          serial_shops, shop
Vaults:2: st_greater_box_4, hangedman_vaults_locks, nicolae_vaults_what_the_h,
          v_misc_12, nicolae_vaults_network_periphery, v_misc_15,
          ontoclasm_vaults_loading_screen, v_misc_16, ontoclasm_vaults_shuriken,
          ontoclasm_vaults_ligature, nicolae_vaults_rhombus_7, v_alt_pattern_4,
          hangedman_vaults_maws, layout_vaults_big_room, uniq_margery
Depths:1: layout_cave_pools, hell_entry, enter_trove_3, old_standard_altar,
          pan_entry, yredelemnul_altar_generic

Skill      XL: |  1  2  3  4  5  6  7  8  9 10 11 12 13 14 15 16 17 18 19 20 |
---------------+-------------------------------------------------------------+-----
Axes           | 3 4 6 8 12 15 17 18 19 | 19.6
Fighting       | 3 4 6 7 11 13 14 16 17 18 | 18.7
Armour         | 4 5 6 8 10 12 13 | 13.1
Shields        | 4 10 13 15 | 15.0
Dodging        | 1 3 6 10 12 13 | 13.0
Invocations    | 6 8 10 11 12 | 12.0
Evocations     | 5 8 |  8.0
Crossbows      | 6 |  6.9
Spellcasting   | 4 |  4.2
Slings         | 9 10 | 10.0

Action                   |  1- 3 |  4- 6 |  7- 9 | 10-12 | 13-15 | 16-18 | 19-21 || total
-------------------------+-------+-------+-------+-------+-------+-------+-------++-------
Melee: War axe           |   104 |   183 |       |       |       |       |       ||   287
       Mace              |       |       |   101 |     6 |       |       |       ||   107
       Battleaxe         |       |       |   120 |   506 |    55 |       |       ||   681
       Broad axe         |       |       |       |       |   952 |  1696 |   534 ||  3182
       Spear             |       |       |       |       |    20 |       |       ||    20
 Fire: Arbalest          |       |       |       |       |       |     6 |       ||     6
       Fustibalus        |       |       |       |       |       |       |    12 ||    12
Invok: Minor Destruction |       |       |       |     3 |       |       |       ||     3
       Major Destruction |       |       |       |     2 |       |       |       ||     2
 Abil: Heal Wounds       |     1 |     5 |     9 |    25 |     3 |    24 |     6 ||    73
Evoke: Wand              |       |       |       |    12 |    17 |     4 |       ||    33
  Use: Potion            |       |     4 |       |     4 |     1 |     5 |       ||    14
       Scroll            |       |       |       |    20 |    10 |     3 |     3 ||    36
Armor: Scale mail        |    48 |    87 |       |       |       |       |       ||   135
       Skin              |       |    48 |       |       |       |       |       ||    48
       Chain mail        |       |       |   165 |   563 |   404 |       |       ||  1132
       Plate armour      |       |       |       |       |   122 |   608 |   227 ||   957
Dodge: Dodged            |    60 |    98 |   116 |   360 |   390 |   553 |   148 ||  1725
Block: Buckler           |    27 |    56 |    27 |       |       |       |       ||   110
       Kite shield       |       |       |       |       |   845 |  1586 |   478 ||  2909
       Other             |       |       |       |       |     9 |    15 |       ||    24
       Reflection        |       |       |       |       |    27 |   129 |    32 ||   188

Table legend: (Time is in decaauts)
 A = Elapsed time spent in this place.
 B = Non-inter-level travel time spent in this place.
 C = Inter-level travel time spent in this place.
 D = Time resting spent in this place.
 E = Time spent auto-exploring this place.
 F = Levels seen in this place.
 G = Mean time per level.
                   A        B        C        D        E       F      G
               +--------+--------+--------+--------+--------+-----+--------+
         Total |  43905 |  39154 |   4751 |   1774 |  30030 |  36 | 1219.6 |
       Dungeon |  14196 |  12141 |   2055 |    613 |   8873 |  15 |  946.4 |
        Temple |     57 |     33 |     24 |      0 |     26 |   1 |   57.0 |
          Lair |   8880 |   7836 |   1044 |    761 |   5774 |   6 | 1480.0 |
     Snake Pit |   8141 |   7305 |    836 |    310 |   5454 |   4 | 2035.2 |
   Spider Nest |   6179 |   5757 |    422 |      9 |   4881 |   4 | 1544.8 |
  Orcish Mines |   2453 |   2160 |    293 |      0 |   1884 |   2 | 1226.5 |
        Vaults |   3803 |   3730 |     73 |     80 |   3024 |   2 | 1901.5 |
        Depths |      1 |      0 |      1 |      0 |      0 |   1 |    1.0 |
        Bazaar |    190 |    190 |      0 |      0 |    113 |   1 |  190.0 |
               +--------+--------+--------+--------+--------+-----+--------+

Top non-repeatable levels by time:
 Snake:1: 3034 daAuts
Vaults:1: 2318 daAuts
  Lair:6: 2295 daAuts
 Snake:2: 2113 daAuts
Spider:4: 1921 daAuts
  Lair:4: 1874 daAuts
   Orc:2: 1778 daAuts
    D:14: 1717 daAuts
 Snake:4: 1618 daAuts
    D:13: 1610 daAuts
Spider:2: 1583 daAuts
Spider:1: 1582 daAuts
Vaults:2: 1485 daAuts
     D:9: 1446 daAuts
    D:11: 1410 daAuts
